 Dungeon Crawl Stone Soup version 0.18-a0-1413-g4eaa9ac (webtiles) character file.

74 Ijustatesigmund the Insei (level 4, -3/31 HPs)
             Began as an Octopode Transmuter on Feb 25, 2016.
             Slain by a river rat (9 damage)
             ... in a sewer.
             The game lasted 00:05:58 (2280 turns).

Ijustatesigmund the Insei (Octopode Transmuter)     Turns: 2280, Time: 00:05:58

Health: -3/31      AC:  1    Str: 11    XL:     4   Next: 28%
Magic:  1/7        EV: 12    Int: 16    God:
Gold:   133        SH:  0    Dex: 12    Spells: 3 memorised, 1 level left

rFire  . . .     SeeInvis .       - Unarmed
rCold  + . .     Gourm    .     (no shield)
rNeg   . . .     Faith    .     (helmet restricted)
rPois  .         Spirit   .     (no amulet)
rElec  .         Dismiss  .     d - ring of protection from magic
rCorr  .         Reflect  .     f - ring of protection from cold
SustAt .         Harm     .     j - +2 ring of strength
MR     +....                    (no ring)
Stlth  ++........               (no ring)
                                (no ring)
                                (no ring)
                                (no ring)

@: appendage, very slightly contaminated, hasted, very quick, somewhat resistant
to hostile enchantments, unstealthy
A: almost no armour, amphibious, 8 rings, constrict 8, tentacle spike 3,
camouflage 1, gelatinous body 1
a: End Transformation


You were in a sewer.
You were hungry.
One of your tentacles had a temporary spike.
You visited 1 branch of the dungeon, and saw 3 of its levels.
You also visited: Sewer.

You collected 133 gold pieces.

Inventory:

Missiles
 a - 12 arrows
Jewellery
 d - a ring of protection from magic (left tentacle)
 f - a ring of protection from cold (right tentacle)
 j - a +2 ring of strength (on tentacle)
Scrolls
 m - a scroll of remove curse
Potions
 h - a potion of haste
 k - a potion of cancellation {unknown}
Books
 b - a book of Changes

   Spells                             Type                      Level
   a - Beastly Appendage              Transmutation                1
   b - Sticks to Snakes               Transmutation                2
   c - Spider Form                    Transmutation/Poison         3
   d - Ice Form                       Ice/Transmutation            4
   e - Blade Hands                    Transmutation                5
Comestibles
 c - a bread ration
 i - 3 meat rations
 l - a beef jerky


   Skills:
 - Level 3.2 Fighting
 - Level 2.0 Dodging
 + Level 3.6 Unarmed Combat
 - Level 2.0 Spellcasting
 + Level 2.0 Transmutations
 + Level 0.8 Poison Magic


You had one spell level left.
You knew the following spells:

 Your Spells              Type           Power        Failure   Level  Hunger
a - Beastly Appendage     Trmt           #.....       10%         1    #......
b - Sticks to Snakes      Trmt           #.......     14%         2    ###....
c - Spider Form           Trmt/Pois      #.........   38%         3    ###....


Dungeon Overview and Level Annotations

Branches:
Dungeon (3/15)

Altars:
Fedhas
Qazlal
Trog

Annotations:
D:3 Ijustatesigmund's ghost, amateur OpTm


Innate Abilities, Weirdness & Mutations

You cannot wear most types of armour.
You are amphibious.
You can wear up to eight rings at the same time.
You can use your tentacles to constrict eight enemies at once.
Your skin changes colour to match your surroundings (Stealth).
Your rubbery body absorbs attacks (AC +1).
One of your tentacles bears a large vicious spike.


Message History

The bat barely misses you.
The world spins around you as you enter the gateway.
You enter a sewer! 2 rats and 3 river rats come into view.
Found a gate leading back out of this place.
There is an empty arch of ancient stone here.
Drink which item? (? for menu, Esc to quit)
Okay, then.
Read which item? (? for menu, Esc to quit)
Okay, then.
Cast which spell? (? or * to list) One of your tentacles grows a vicious spike.
You tentacle-slap the rat.
You kill the rat!
You barely miss the river rat. Your grab misses the river rat.
You pierce the river rat, but do no damage.
You squeeze the river rat, but do no damage.
You barely miss the river rat. Your grab misses the river rat.
The river rat bites you!
You die... ############### ≈...r.r@.∩..rr# ###############

You could see 3 river rats and a rat (sleeping).

Vanquished Creatures
  3 adders
  An ooze (D:2)
  5 dart slugs
  2 giant geckos (D:1)
  An orc (D:3)
  2 giant cockroaches
  2 goblins (D:2)
  2 hobgoblins
  2 jackals (D:1)
  2 quokkas (D:3)
  3 bats
  A giant newt (D:2)
  6 rats
32 creatures vanquished.

Vanquished Creatures (others)
  A goblin (D:2)
1 creature vanquished.

Grand Total: 33 creatures vanquished

Notes
Turn   | Place    | Note
--------------------------------------------------------------
     0 | D:1      | Ijustatesigmund the Octopode Transmuter began the quest for the Orb.
     0 | D:1      | Reached XP level 1. HP: 13/13 MP: 3/3
   196 | D:1      | Reached XP level 2. HP: 1/19 MP: 3/5
   486 | D:1      | Learned a level 2 spell: Sticks to Snakes
  1347 | D:2      | Reached XP level 3. HP: 21/25 MP: 6/6
  1747 | D:2      | Found a bloodstained altar of Trog.
  1978 | D:2      | Found a blossoming altar of Fedhas.
  2036 | D:2      | Found a stormy altar of Qazlal.
  2132 | D:3      | Reached XP level 4. HP: 19/31 MP: 7/7
  2140 | D:3      | Learned a level 3 spell: Spider Form
  2239 | D:3      | Noticed Ijustatesigmund's ghost (amateur OpTm)
  2241 | D:3      | Found a glowing drain.
  2275 | Sewer    | Entered a sewer
  2280 | Sewer    | Slain by a river rat

Vault maps used:
D:1:      dpeg_arrival_oval
D:2:      nicolae_qazlal_eye_of_the_storm, lightli_temple_of_fire,
          lemuel_statue_altar
D:3:      portal_sewer_entry_c, nemelex_spade_bored_becter
Sewer:    sewer_kobolds

Skill      XL: |  1  2  3 |
---------------+----------+-----
Fighting       | 2 3 |  3.2
Dodging        | |  2.0
Unarmed Combat | |  3.6
Spellcasting   | |  2.0
Transmutations | |  2.0
Poison Magic   | |  0.8

Action                   |  1- 3 |  4- 6 || total
-------------------------+-------+-------++-------
Melee: Unarmed           |    60 |    17 ||    77
 Cast: Beastly Appendage |     3 |     4 ||     7
  Use: Scroll            |     6 |       ||     6
       Potion            |       |     3 ||     3
 Stab: Sleeping          |     5 |     3 ||     8
  Eat: Chunk             |     4 |       ||     4
